NCAA
GEORGIA TECH YELLOW JACKETS @ TEXAS LONGHORNS
05/11/2025
 
TOP OF THE 1ST
Georgia Tech Yellow Jackets batting - Pitching for Texas Longhorns : RHP Archie King
Pitching: RHP Archie King
Batting: RHB Rickey Núñez 0-0: Ball
1-0: Ball
2-0: Ball
3-0: Base on Balls
Batting: RHB Dave Bell 0-0: Called Strike
0-1: Fielders Choice at 2nd, 3-6 (Groundball, 3)
Batting: RHB Luis Antonio Cuevas 0-0: Fly out, F2 (Popup, 2LF)
Batting: LHB Mike Harris 0-0: Ball
1-0: Fly out, F8 (Flyball, 8LM)
Top of the 1st over - 0 run(s), 0 hit(s), 0 error(s), 1 left on base; Georgia Tech 0 - Texas 0
BOTTOM OF THE 1ST
Texas Longhorns batting - Pitching for Georgia Tech Yellow Jackets : RHP Carlos Madraso
Pitching: RHP Carlos Madraso
Batting: LHB Sam Haynes 0-0: Called Strike
0-1: Ball
1-1: SINGLE (Groundball, 4MD)
Batting: RHB Eugene Salazar 0-0: Called Strike
0-1: Ball
1-1: Ball
2-1: Called Strike
2-2: Ball
3-2: Base on Balls
Sam Haynes to second
Batting: LHB Jon Rogers 0-0: Called Strike
0-1: Ball
1-1: Called Strike
1-2: Foul Ball, location: 2F
1-2: Ball
2-2: Ball
3-2: Strikes out swinging
Batting: RHB Rich Henley 0-0: Ball
1-0: Foul Ball, location: 2F
1-1: Ball
2-1: Called Strike
2-2: Foul Ball, location: 2F
2-2: Strikes out swinging
Batting: LHB John Fitzgerald 0-0: Ball
1-0: Called Strike
1-1: Foul Ball, location: 2F
1-2: Ball
2-2: Strikes out swinging
Bottom of the 1st over - 0 run(s), 1 hit(s), 0 error(s), 2 left on base; Georgia Tech 0 - Texas 0
TOP OF THE 2ND
Georgia Tech Yellow Jackets batting - Pitching for Texas Longhorns : RHP Archie King
Batting: RHB Joe Atkinson 0-0: Ball
1-0: Ball
2-0: Ball
3-0: Called Strike
3-1: Ground out 6-3 (Groundball, 56)
Batting: RHB Brendon Little 0-0: Foul Ball, location: 2F
0-1: Ball
1-1: Foul Ball, location: 2F
1-2: SOLO HOME RUN (Flyball, 7D), Distance : 356 ft
Batting: RHB Bob Corrigan 0-0: Called Strike
0-1: Ball
1-1: Foul Ball, location: 2F
1-2: Strikes out swinging
Batting: LHB Gary White 0-0: Fly out, F6 (Line Drive, 6)
Top of the 2nd over - 1 run(s), 1 hit(s), 0 error(s), 0 left on base; Georgia Tech 1 - Texas 0
BOTTOM OF THE 2ND
Texas Longhorns batting - Pitching for Georgia Tech Yellow Jackets : RHP Carlos Madraso
Batting: LHB Jonathon Terry 0-0: Ball
1-0: Ball
2-0: Called Strike
2-1: Ball
3-1: Called Strike
3-2: Strikes out swinging
Batting: RHB Roberto Hernández 0-0: Called Strike
0-1: Ball
1-1: SINGLE (Flyball, 8RS)
Batting: SHB Ángel González 0-0: Called Strike
0-1: Ball
1-1: Ball
2-1: Ball
3-1: Foul Ball, location: 2F
3-2: Base on Balls
Roberto Hernández to second
Batting: RHB Edmond Magee 0-0: Fly out, F9 (Flyball, 9M)
Batting: LHB Sam Haynes 0-0: Ground out 3-1 (Groundball, 34)
Bottom of the 2nd over - 0 run(s), 1 hit(s), 0 error(s), 2 left on base; Georgia Tech 1 - Texas 0
TOP OF THE 3RD
Georgia Tech Yellow Jackets batting - Pitching for Texas Longhorns : RHP Archie King
Batting: RHB Pedro Fernández 0-0: Called Strike
0-1: Ball
1-1: Ball
2-1: Ball
3-1: Base on Balls
Batting: RHB Rickey Núñez 0-0: Fielders Choice at 2nd, 4-6 (Groundball, 4)
Batting: RHB Dave Bell 0-0: Ball
1-0: Ball
2-0: Swinging Strike
2-1: Foul Ball, location: 2F
2-2: Foul Ball, location: 2F
2-2: Ball
3-2: 2-RUN HOME RUN (Flyball, 7D), Distance : 370 ft
Batting: RHB Luis Antonio Cuevas 0-0: Ball
1-0: Called Strike
1-1: Foul Ball, location: 2F
1-2: Ball
2-2: Ground out 5-3 (Groundball, 56)
Batting: LHB Mike Harris 0-0: Ball
1-0: Ball
2-0: Called Strike
2-1: SINGLE (Groundball, 4MD)
Batting: RHB Joe Atkinson 0-0: Called Strike
Mike Harris steals 2nd base
0-1: Ball
1-1: Ground out 5-3 (Groundball, 5S)
Top of the 3rd over - 2 run(s), 2 hit(s), 0 error(s), 1 left on base; Georgia Tech 3 - Texas 0
BOTTOM OF THE 3RD
Texas Longhorns batting - Pitching for Georgia Tech Yellow Jackets : RHP Carlos Madraso
Batting: RHB Eugene Salazar 0-0: Ball
1-0: Ball
2-0: Ground out 5-3 (Groundball, 5)
Batting: LHB Jon Rogers 0-0: SINGLE (Flyball, 7LM)
Batting: RHB Rich Henley 0-0: Called Strike
Jon Rogers steals 2nd base
0-1: Ground out 6-3 (Groundball, 6MS)
Jon Rogers to third
Batting: LHB John Fitzgerald 0-0: Ball
1-0: SINGLE (Line Drive, 5D)
Jon Rogers scores
Batting: LHB Jonathon Terry 0-0: SINGLE (Line Drive, 78S)
John Fitzgerald to second
Batting: RHB Roberto Hernández 0-0: Foul Ball, location: 2F
0-1: Foul Ball, location: 2F
0-2: Ball
1-2: Ball
2-2: Ground out 5-3 (Groundball, 56S)
Bottom of the 3rd over - 1 run(s), 3 hit(s), 0 error(s), 2 left on base; Georgia Tech 3 - Texas 1
TOP OF THE 4TH
Georgia Tech Yellow Jackets batting - Pitching for Texas Longhorns : RHP Archie King
Batting: RHB Brendon Little 0-0: Ball
1-0: Foul Ball, location: 2F
1-1: DOUBLE (Flyball, 9LM)
Batting: RHB Bob Corrigan 0-0: Swinging Strike
0-1: Ball
1-1: Ball
2-1: Called Strike
2-2: Ball
3-2: Foul Ball, location: 2F
3-2: Strikes out swinging
Batting: LHB Gary White 0-0: Ball
1-0: Ball
2-0: Ball
3-0: Base on Balls
Batting: RHB Pedro Fernández 0-0: Ball
1-0: Foul Ball, location: 2F
1-1: Ball
2-1: DOUBLE (Line Drive, 89D)
Brendon Little scores
Gary White to third
Runner from 3rd tries for Home, SAFE, no throw or cutoff
Batting: RHB Rickey Núñez 0-0: Called Strike
0-1: Fly out, F8 (Flyball, 89D)
Runner from 2nd tags up, SAFE at 3rd, no throw
Batting: RHB Dave Bell 0-0: DOUBLE (Flyball, 7D)
Pedro Fernández scores
Batting: RHB Luis Antonio Cuevas 0-0: Ball
Wild Pitch!
Dave Bell to third
1-0: Ball
2-0: Called Strike
2-1: Ball
3-1: Base on Balls
Batting: LHB Mike Harris 0-0: Called Strike
0-1: Ball
1-1: Fly out, F7 (Line Drive, 7M)
Top of the 4th over - 3 run(s), 3 hit(s), 0 error(s), 2 left on base; Georgia Tech 6 - Texas 1
BOTTOM OF THE 4TH
Texas Longhorns batting - Pitching for Georgia Tech Yellow Jackets : RHP Carlos Madraso
Batting: SHB Ángel González 0-0: Ball
1-0: Ground out 4-3 (Groundball, 4)
Batting: RHB Edmond Magee 0-0: Called Strike
0-1: Ball
1-1: Ball
2-1: SINGLE (Line Drive, 6M)
Batting: LHB Sam Haynes 0-0: Fielders Choice at 2nd, 6-4 (Groundball, 6M)
Batting: RHB Eugene Salazar 0-0: Called Strike
0-1: Ball
Sam Haynes steals 2nd base
1-1: Foul Ball, location: 2F
1-2: Foul Ball, location: 2F
1-2: Foul Ball, location: 2F
1-2: SINGLE (Groundball, 56D)
Sam Haynes to third
Runner from 3rd tries for Home, SAFE, no throw or cutoff
Batting: LHB Jon Rogers 0-0: Ball
1-0: SINGLE (Line Drive, 34)
Eugene Salazar to second
Runner from 2nd tries for 3rd, SAFE, throw made to third
Jon Rogers to second
Batting: RHB Rich Henley 0-0: Foul Ball, location: 2F
0-1: Foul Ball, location: 2F
0-2: Strikes out swinging
Bottom of the 4th over - 1 run(s), 3 hit(s), 0 error(s), 2 left on base; Georgia Tech 6 - Texas 2
TOP OF THE 5TH
Georgia Tech Yellow Jackets batting - Pitching for Texas Longhorns : RHP Archie King
Batting: RHB Joe Atkinson 0-0: Ball
1-0: Ball
2-0: Ball
3-0: Called Strike
3-1: Base on Balls
Pitching: RHP Tomás Silva
Batting: RHB Brendon Little 0-0: Called Strike
0-1: Ball
1-1: Ball
2-1: Fly out, F9 (Flyball, 9M)
Batting: RHB Bob Corrigan 0-0: Called Strike
0-1: Ball
1-1: Foul Ball, location: 2F
1-2: Strikes out swinging
Batting: LHB Gary White 0-0: Ball
1-0: Ground out 1-3 (Groundball, 15S)
Top of the 5th over - 0 run(s), 0 hit(s), 0 error(s), 1 left on base; Georgia Tech 6 - Texas 2
BOTTOM OF THE 5TH
Texas Longhorns batting - Pitching for Georgia Tech Yellow Jackets : RHP Carlos Madraso
Batting: LHB John Fitzgerald 0-0: Ball
1-0: Called Strike
1-1: Ball
2-1: Foul Ball, location: 2F
2-2: Ball
3-2: Base on Balls
Pitching: RHP Tom Nixon
Batting: LHB Jonathon Terry 0-0: Called Strike
0-1: Swinging Strike
0-2: Ball
1-2: Ball
2-2: Strikes out swinging
Batting: RHB Roberto Hernández 0-0: Called Strike
0-1: Foul Ball, location: 2F
0-2: Ball
1-2: Ball
2-2: Foul Ball, location: 2F
2-2: Ball
3-2: Base on Balls
John Fitzgerald to second
Batting: SHB Ángel González 0-0: Foul Ball, location: 2F
0-1: Called Strike
0-2: Ball
1-2: Strikes out looking
Batting: RHB Edmond Magee 0-0: Fielders Choice at 2nd, U4 (Groundball, 4M)
Bottom of the 5th over - 0 run(s), 0 hit(s), 0 error(s), 2 left on base; Georgia Tech 6 - Texas 2
TOP OF THE 6TH
Georgia Tech Yellow Jackets batting - Pitching for Texas Longhorns : RHP Tomás Silva
Batting: RHB Pedro Fernández 0-0: SINGLE (Groundball, 6MD)
Batting: RHB Rickey Núñez Pickoff Throw to First - Out!
0-0: SINGLE (Groundball, 6M)
Batting: RHB Dave Bell 0-0: Called Strike
0-1: Ball
1-1: Ball
Wild Pitch!
Rickey Núñez to second
2-1: Fly out, F4 (Line Drive, 4)
Batting: RHB Luis Antonio Cuevas 0-0: Ball
1-0: Called Strike
1-1: Ball
2-1: Ball
3-1: Foul Ball, location: 2F
3-2: Foul Ball, location: 2F
3-2: Foul Ball, location: 2F
3-2: Foul Ball, location: 2F
3-2: Foul Ball, location: 2F
3-2: Foul Ball, location: 2F
3-2: Base on Balls
Batting: LHB Mike Harris 0-0: Called Strike
0-1: Ball
Wild Pitch!
Rickey Núñez to third
Luis Antonio Cuevas to second
1-1: TRIPLE (Line Drive, 3D)
Rickey Núñez scores
Luis Antonio Cuevas scores
Batting: RHB Joe Atkinson 0-0: Ball
1-0: Foul Ball, location: 2F
1-1: Called Strike
1-2: Ball
2-2: Ball
3-2: Foul Ball, location: 2F
3-2: Foul Ball, location: 2F
3-2: Foul Ball, location: 2F
3-2: Fly out, F7 (Line Drive, 7M)
Top of the 6th over - 2 run(s), 3 hit(s), 0 error(s), 1 left on base; Georgia Tech 8 - Texas 2
BOTTOM OF THE 6TH
Texas Longhorns batting - Pitching for Georgia Tech Yellow Jackets : RHP Tom Nixon
Batting: LHB Sam Haynes 0-0: Ball
1-0: Foul Ball, location: 2F
1-1: Foul Ball, location: 2F
1-2: Strikes out swinging
Batting: RHB Eugene Salazar 0-0: Called Strike
0-1: Swinging Strike
0-2: Strikes out looking
Batting: LHB Jon Rogers 0-0: Called Strike
0-1: Called Strike
0-2: Ball
1-2: Strikes out swinging
Bottom of the 6th over - 0 run(s), 0 hit(s), 0 error(s), 0 left on base; Georgia Tech 8 - Texas 2
TOP OF THE 7TH
Georgia Tech Yellow Jackets batting - Pitching for Texas Longhorns : RHP Tomás Silva
Pitching: RHP Alfonso Olivares
Batting: RHB Brendon Little 0-0: Ball
1-0: Fly out, F7 (Flyball, 7M)
Batting: RHB Bob Corrigan 0-0: Ball
1-0: Swinging Strike
1-1: Ball
2-1: Foul Ball, location: 2F
2-2: Foul Ball, location: 2F
2-2: Foul Ball, location: 2F
2-2: Ball
3-2: Base on Balls
Batting: LHB Gary White 0-0: Ball
Bob Corrigan steals 2nd base
1-0: Fly out, F7 (Popup, 8LS)
Batting: RHB Pedro Fernández 0-0: Called Strike
0-1: Ball
1-1: Called Strike
1-2: Strikes out swinging
Top of the 7th over - 0 run(s), 0 hit(s), 0 error(s), 1 left on base; Georgia Tech 8 - Texas 2
BOTTOM OF THE 7TH
Texas Longhorns batting - Pitching for Georgia Tech Yellow Jackets : RHP Tom Nixon
Pitching: LHP Dalton Hayes
Batting: RHB Rich Henley 0-0: Foul Ball, location: 2F
0-1: Ball
1-1: Ball
2-1: Ball
3-1: Base on Balls
Batting: LHB John Fitzgerald 0-0: Called Strike
0-1: Ball
1-1: Ground out 4-3 (Groundball, 4M)
Rich Henley to second
Batting: LHB Jonathon Terry 0-0: Called Strike
0-1: Called Strike
0-2: Strikes out swinging
Batting: RHB Roberto Hernández 0-0: Called Strike
0-1: Ball
1-1: Ball
2-1: Ball
3-1: SINGLE (Groundball, 13) (infield hit)
Rich Henley to third
Batting: SHB Ángel González 0-0: Called Strike
0-1: Called Strike
0-2: Foul Ball, location: 2F
0-2: Strikes out swinging
Bottom of the 7th over - 0 run(s), 1 hit(s), 0 error(s), 2 left on base; Georgia Tech 8 - Texas 2
TOP OF THE 8TH
Georgia Tech Yellow Jackets batting - Pitching for Texas Longhorns : RHP Alfonso Olivares
Batting: RHB Rickey Núñez 0-0: Called Strike
0-1: Ball
1-1: Reached on error, E3 (Groundball, 3L)
Batting: RHB Dave Bell 0-0: Swinging Strike
0-1: Grounds into double play, 5-4-3 (Groundball, 5)
Batting: RHB Luis Antonio Cuevas 0-0: Ground out 6-3 (Groundball, 6D)
Top of the 8th over - 0 run(s), 0 hit(s), 1 error(s), 0 left on base; Georgia Tech 8 - Texas 2
BOTTOM OF THE 8TH
Texas Longhorns batting - Pitching for Georgia Tech Yellow Jackets : LHP Dalton Hayes
Now in LF: Stan Gómez
Batting: RHB Edmond Magee 0-0: Fly out, F8 (Line Drive, 8LM)
Batting: LHB Sam Haynes 0-0: Foul Ball, location: 2F
0-1: Foul Ball, location: 2F
0-2: Strikes out swinging
Batting: RHB Eugene Salazar 0-0: Called Strike
0-1: Called Strike
0-2: Strikes out swinging
Bottom of the 8th over - 0 run(s), 0 hit(s), 0 error(s), 0 left on base; Georgia Tech 8 - Texas 2
TOP OF THE 9TH
Georgia Tech Yellow Jackets batting - Pitching for Texas Longhorns : RHP Alfonso Olivares
Batting: LHB Mike Harris 0-0: Ball
1-0: Swinging Strike
1-1: Ball
2-1: Foul Ball, location: 2F
2-2: Foul Ball, location: 2F
2-2: Ball
3-2: Base on Balls
Batting: RHB Joe Atkinson 0-0: Grounds into double play, 1-6-3 (Groundball, 15)
Batting: RHB Brendon Little 0-0: Ball
1-0: Called Strike
1-1: Foul Ball, location: 2F
1-2: Foul Ball, location: 2F
1-2: SINGLE (Groundball, 13) (infield hit)
Batting: RHB Bob Corrigan 0-0: Foul Ball, location: 2F
0-1: 2-RUN HOME RUN (Flyball, 8RXD), Distance : 390 ft
Batting: LHB Gary White 0-0: Ground out 6-3 (Groundball, 6)
Top of the 9th over - 2 run(s), 2 hit(s), 0 error(s), 0 left on base; Georgia Tech 10 - Texas 2
BOTTOM OF THE 9TH
Texas Longhorns batting - Pitching for Georgia Tech Yellow Jackets : LHP Dalton Hayes
Now at 3B: Paul White
Batting: LHB Jon Rogers 0-0: Ball
1-0: Ball
2-0: Foul Ball, location: 2F
2-1: Swinging Strike
2-2: Strikes out looking
Batting: RHB Rich Henley 0-0: Called Strike
0-1: Ball
1-1: Ball
2-1: Ball
3-1: Base on Balls
Batting: LHB John Fitzgerald 0-0: Swinging Strike
0-1: Called Strike
0-2: Fly out, F5 (Line Drive, 56S)
Batting: LHB Jonathon Terry 0-0: Called Strike
0-1: Ground out 1-3 (Groundball, 15S)
Bottom of the 9th over - 0 run(s), 0 hit(s), 0 error(s), 1 left on base; Georgia Tech 10 - Texas 2
This league is powered by Out of the Park Baseball, the baseball management simulation game for PC, Mac and Linux
Tuesday, August 2nd, 2016 - OOTP Baseball 16.8 Build 38